 Dungeon Crawl Stone Soup version 0.25.1-2-g60ff931df9 (webtiles) character file.

Game seed: 13981473484979893476

1339 Delamore the Covered (level 8, -1/49 HPs)
             Began as a Gargoyle Fighter on Aug 29, 2020.
             Was a Follower of Okawaru.
             Killed from afar by Dowan (15 damage)
             ... with a shard of ice
             ... on level 5 of the Dungeon.
             The game lasted 00:05:55 (5074 turns).

Delamore the Covered (Gargoyle Fighter)             Turns: 5074, Time: 00:05:56

Health: -1/49      AC: 20    Str: 22    XL:     8   Next: 61%
Magic:  8/8        EV: 10    Int:  9    God:    Okawaru [*.....]
Gold:   207        SH: 10    Dex:  9    Spells: 7/7 levels left

rFire    . . .     SeeInvis .   a - +0 flail
rCold    . . .     Gourm    .   c - +0 kite shield
rNeg     + . .     Faith    .   h - +0 chain mail
rPois    ∞         Spirit   .   (no helmet)
rElec    +         Reflect  .   (no cloak)
rCorr    .         Harm     .   (no gloves)
MR       .....                  (no boots)
Stlth    ..........             (no amulet)
HPRegen  0.16/turn              t - +4 ring of protection
MPRegen  0.11/turn              y - +4 ring of evasion

@: no status effects
A: negative energy resistance 1, electricity resistance, unbreathing,
petrification resistance, rot immunity, AC +5
a: Heroism, Renounce Religion


You were on level 5 of the Dungeon.
You worshipped Okawaru.
Okawaru was aware of your devotion.
You were not hungry.

You visited 2 branches of the dungeon, and saw 6 of its levels.
You also visited: Ossuary.

You collected 207 gold pieces.

Inventory:

Hand Weapons
 a - a +0 flail (weapon)
 s - a +0 morningstar
Armour
 c - a +0 kite shield (worn)
 h - a +0 chain mail (worn)
Jewellery
 t - a +4 ring of protection (left hand)
 y - a +4 ring of evasion (right hand)
 A - an uncursed ring of flight
Wands
 r - a wand of flame (18)
Scrolls
 b - a scroll of enchant armour
 g - a scroll of identify
 i - a scroll of amnesia {unknown}
 k - a scroll of blinking {unknown}
 l - 2 scrolls of fear
 o - 3 scrolls of teleportation
 u - a scroll of immolation
 w - a scroll of random uselessness {unknown}
 x - a scroll of fog
 B - a scroll of remove curse {unknown}
 C - a scroll of magic mapping {unknown}
Potions
 d - a potion of might
 e - 2 potions of cancellation {unknown}
 j - a potion of heal wounds {unknown}
 m - 2 potions of berserk rage {unknown}
 n - 3 potions of brilliance {unknown}
 p - 2 potions of flight {unknown}
 q - a potion of degeneration {unknown}
 v - a potion of lignification {unknown}
 z - 3 potions of haste {unknown}
 E - a potion of curing {unknown}
Comestibles
 f - 4 rations


   Skills:
 - Level 5.0 Fighting
 + Level 6.6 Maces & Flails
 + Level 7.7 Armour
 - Level 5.0 Shields


You had 7 spell levels left.
You didn't know any spells.
Your spell library was empty.

Dungeon Overview and Level Annotations

Branches:
Dungeon (5/15)             Temple (1/1) D:5         Ossuary (visited)

Altars:
Ashenzari
Elyvilon
Fedhas
Gozag
Kikubaaqudgha
Makhleb
Nemelex Xobeh
Okawaru
Qazlal
Ru
Trog
Uskayaw
Wu Jian
Xom
Yredelemnul
Zin
The Shining One

Annotations:
D:5 Dowan


Innate Abilities, Weirdness & Mutations

You are resistant to torment.
Your stone body is resilient. (AC +5)
You are immune to poison.
You resist negative energy. (rN+)
You are resistant to electric shocks. (rElec)
You can survive without breathing.
You are immune to petrification.
You are immune to rotting.


Message History

You hit Dowan.
Dowan is heavily wounded.
You block Dowan's attack.
The sky beast hits you but does no damage.
You barely miss Dowan.
Dowan is heavily wounded.
Dowan gestures at you while chanting. The stone arrow hits you.
Dowan closely misses you. You block the sky beast's attack.
You hit Dowan but do no damage.
Dowan is heavily wounded.
Dowan hits you with a +0 dagger.
* * * LOW HITPOINT WARNING * * *
You block the sky beast's attack. You block Dowan's attack.
You hit Dowan but do no damage.
Dowan is heavily wounded.
Dowan barely misses you. The sky beast completely misses you.
Dowan gestures at you while chanting. The shard of ice hits you!
You die...

#.# #># #.# #.# #.# #.#
#.# ##+# #.## # ##.#
##...# #..# ## #..#
#.....# #####.# ##. ##.##
.......## ##.###.# #..
#...####
......!.####...##.#####.
.......+
.......Y'...............
#...####
......e@####......######
##.## .......## ##..####
#.. #.# #.....# ##.# #..
##.## ##...# #.# #..
#...# ##...## #.# #..
#.#.# #.. ..#######.# #..
#...# #.###.........# ##.
##.########..#..#####.###
##
#.##............####.## #


You could see a sky beast and Dowan (fast).

Vanquished Creatures
  Sigmund (D:3)
  Edmund (D:4)
  Duvessa (D:5)
  A sky beast (Temple)
  2 scorpions (D:4)
  A howler monkey (D:5)
  A crimson imp (D:5)
  A centaur zombie (Ossuary)
  A hound (D:4)
  2 human zombies (Ossuary)
  2 orc priests
  2 iguanas
  2 orc wizards (D:5)
  4 worker ants
  3 big kobold zombies (Ossuary)
  A hound zombie (D:5)
  2 mummies (Ossuary)
  A hound skeleton (D:5)
  A worker ant zombie (D:5)
  7 adders
  A shadow imp (D:5)
  2 adder zombies (Ossuary)
  2 worms (D:3)
  3 dart slugs
  4 leopard geckos
  11 orcs
  A ball python (D:3)
  7 giant cockroaches
  12 goblins
  4 hobgoblins
  3 jackals (D:1)
  9 kobolds
  A quokka (D:3)
  14 bats
  7 frilled lizards
  2 goblin zombies (D:5)
  9 hobgoblin zombies (Ossuary)
  A jackal zombie (Ossuary)
  14 kobold zombies (Ossuary)
  4 orc zombies (Ossuary)
  8 rats
  A rat zombie (Ossuary)
157 creatures vanquished.

Notes
Turn   | Place    | Note
-------+----------+-------------------------------------------
     0 | D:1      | Delamore the Gargoyle Fighter began the quest for the Orb.
     0 | D:1      | Reached XP level 1. HP: 14/14 MP: 1/1
   104 | D:1      | Reached XP level 2. HP: 14/19 MP: 2/2
   516 | D:1      | Reached XP level 3. HP: 23/23 MP: 3/3
  1237 | D:2      | Found a sparkling altar of Nemelex Xobeh.
  1380 | D:2      | Reached XP level 4. HP: 28/29 MP: 4/4
  1608 | D:2      | Reached skill level 4 in Armour
  1821 | D:2      | Found a blossoming altar of Fedhas.
  1994 | D:3      | Noticed Sigmund
  2011 | D:3      | Killed Sigmund
  2011 | D:3      | Reached XP level 5. HP: 14/34 MP: 5/5
  2011 | D:3      | Reached XP level 6. HP: 16/39 MP: 6/6
  2370 | D:3      | Found a white marble altar of Elyvilon.
  2873 | D:4      | Reached skill level 5 in Fighting
  2891 | D:4      | Reached skill level 5 in Armour
  2891 | D:4      | Reached skill level 5 in Shields
  2891 | D:4      | Reached XP level 7. HP: 44/44 MP: 7/7
  2928 | D:4      | Found a burning altar of Makhleb.
  3078 | D:4      | Got a shadowed robe
  3089 | D:4      | Identified the +2 robe "Okitsu Imao" {-Tele rC+ Regen+
                  | Int+2} (You found it on level 4 of the Dungeon)
  3146 | D:4      | Noticed Edmund
  3168 | D:4      | Killed Edmund
  3498 | D:4      | Found an ancient bone altar of Kikubaaqudgha.
  3498 | D:4      | Found a glowing golden altar of the Shining One.
  3553 | D:5      | Entered Level 5 of the Dungeon
  3558 | D:5      | Found a staircase to the Ecumenical Temple.
  3565 | Temple   | Entered the Ecumenical Temple
  3615 | Temple   | Reached skill level 5 in Maces & Flails
  3615 | Temple   | Reached skill level 6 in Armour
  3716 | Temple   | Became a worshipper of Warmaster Okawaru
  3845 | D:5      | Reached XP level 8. HP: 15/49 MP: 8/8
  3893 | D:5      | Found a sand-covered staircase.
  3900 | Ossuary  | Entered an ossuary
  4308 | Ossuary  | Reached skill level 7 in Armour
  4625 | D:5      | Reached * piety under Okawaru
  5027 | D:5      | Noticed Duvessa
  5027 | D:5      | Noticed Dowan
  5046 | D:5      | Killed Duvessa
  5074 | D:5      | Killed from afar by Dowan

Illustrated notes

Levels and vault maps discovered:
D:1:      shiori_arrival_oz, layout_loops_corners
D:2:      layout_rooms, lemuel_coloured_pillars_altar, lemuel_round_altar,
          roderic_lattice_a, hangedman_decor_opposing
D:3:      layout_basic, old_standard_altar, first_ration, uniq_sigmund
D:4:      layout_cave_pools, gammafunk_temple_overflow_elements,
          makhleb_blood_cavern_becter, uniq_edmund
D:5:      layout_loops_corners, kennysheep_mini_moat,
          nicolae_overflow_hidden_temple, minmay_temple_entry_sparse_star,
          enter_ossuary_4, minivault_23, uniq_duvessa
Temple:   minmay_temple_bridge_abc

Skill      XL: |  1  2  3  4  5  6  7  8 |
---------------+-------------------------+-----
Fighting       | 4 5 |  5.0
Shields        | 4 5 |  5.0
Armour         | 4 5 6 7 |  7.7
Maces & Flails | 3 4 5 6 |  6.6

Action                   |  1- 3 |  4- 6 |  7- 9 || total
-------------------------+-------+-------+-------++-------
Melee: Flail             |   176 |   213 |   437 ||   826
  Use: Scroll            |       |       |     6 ||     6
  Eat: Chunk             |     2 |     5 |     5 ||    12
       Ration            |       |       |     1 ||     1
Armor: Scale mail        |    55 |       |       ||    55
       Chain mail        |    73 |   146 |   270 ||   489
Dodge: Dodged            |    53 |    54 |   163 ||   270
Block: Kite shield       |    95 |   111 |   187 ||   393
